 Dungeon Crawl Stone Soup version 0.31-a0-1388-g4b2ba238e7 (webtiles) character file.

Game seed: 3449569471301449979

37806 Loonster the Fighter (level 13, -18/141 HPs)
             Began as a Troll Shapeshifter on Dec 24, 2023.
             Was the Champion of Wu Jian.
             Demolished by an orc warrior
             ... wielding a +0 glaive
              (23 damage)
             ... on level 2 of the Orcish Mines.
             The game lasted 00:23:25 (11919 turns).

Loonster the Fighter (Troll Shapeshifter)          Turns: 11919, Time: 00:23:26

Health: -18/141    AC:  8    Str: 29    XL:     13   Next: 60%
Magic:  12/12      EV: 13    Int:  6    God:    Wu Jian [******]
Gold:   1534       SH: 19    Dex:  9    Spells: 12/12 levels left

rFire   . .          .
                       - Unarmed
rCold   . . .        Y - +0 tower shield
rNeg    . . .        K - melded +0 steam dragon scales
rPois   .            a - +2 hat
rElec   .            (no cloak)
rCorr   .            (gloves unavailable)
SInv    .            (boots unavailable)
Will    .....        j - amulet of reflection
Stlth   +            R - +4 ring of protection
HPRegen 1.23/turn    C - +5 ring of evasion
MPRegen 0.13/turn

%: reflection
@: maw-form
A: devouring maw, large, unfitting armour, claws 3, regeneration 1, shaggy fur
1, tough skin 1
a: Begin Untransformation, Renounce Religion, Wall Jump, Serpent's Lash,
Heavenly Storm


You were on level 2 of the Orcish Mines.
You worshipped Wu Jian.
Wu Jian was exalted by your worship.
You were a creature with a mouth for a stomach.
You visited 4 branches of the dungeon, and saw 18 of its levels.
You also visited: Sewer.

You collected 1549 gold pieces.
You spent 15 gold pieces at shops.

Inventory:

Missiles
 G - 4 throwing nets
 J - 7 silver javelins
Armour
 a - a +2 hat (worn)
 K - +0 steam dragon scales (melded)
 Y - a +0 tower shield (worn)
Jewellery
 j - an amulet of reflection (around neck)
 q - a ring of poison resistance
 x - a ring of protection from cold
 C - a +5 ring of evasion (right claw)
 I - a ring of see invisible
 M - a +6 ring of strength
 R - a +4 ring of protection (left claw)
 S - a ring of ice
 T - a +6 ring of dexterity
 W - a +5 ring of evasion
Talismans
 c - a beast talisman
 d - a flux talisman
 h - a talisman of death
 A - a maw talisman (active)
Wands
 w - a wand of iceblast (12)
 F - a wand of charming (8)
 O - a wand of polymorph (8)
 U - a wand of flame (18)
 X - a wand of mindburst (6)
Scrolls
 e - 3 scrolls of poison {unknown}
 g - 6 scrolls of fog
 i - a scroll of enchant weapon {unknown}
 l - a scroll of amnesia {unknown}
 m - 3 scrolls of fear {unknown}
 p - a scroll of brand weapon {unknown}
 v - 5 scrolls of noise {unknown}
 y - 3 scrolls of vulnerability
 E - a scroll of revelation
 H - 2 scrolls of teleportation
 N - a scroll of torment
 P - 5 scrolls of silence
 Q - 3 scrolls of enchant armour {unknown}
 V - a scroll of immolation {unknown}
 Z - 2 scrolls of blinking {unknown}
Potions
 b - 4 potions of lignification
 f - a potion of berserk rage
 k - 5 potions of degeneration
 n - 4 potions of brilliance
 o - 3 potions of cancellation
 r - a potion of heal wounds
 s - 10 potions of curing
 t - 2 potions of mutation
 u - 3 potions of resistance
 z - 2 potions of haste
 B - 4 potions of enlightenment
 D - 2 potions of invisibility
 L - 2 potions of attraction


   Skills:
 - Level 12.5 Fighting
 - Level 1.5 Dodging
 - Level 9.6 Shields
 - Level 12.0 Unarmed Combat
 + Level 10.3 Shapeshifting


You had 12 spell levels left.
You didn't know any spells.
Your spell library contained the following spells:

 Spells                   Type           Power      Damage    Failure   Level
 Sandblast                Erth           0%         2d4       83%         1
 Summon Small Mammal      Summ           0%         N/A       83%         1
 Cigotuvi's Dreadful Rot  Necr/Alch/Air  0%         N/A       92%         2
 Passwall                 Alch/Erth      0%         N/A       92%         2
 Sublimation of Blood     Necr           0%         N/A       92%         2
 Call Canine Familiar     Summ           0%         N/A       99%         3
 Dazzling Flash           Conj/Hex       0%         N/A       99%         3
 Inner Flame              Hex/Fire       0%         N/A       99%         3
 Mephitic Cloud           Conj/Alch/Air  0%         N/A       99%         3
 Sigil of Binding         Hex            0%         N/A       99%         3
 Stone Arrow              Conj/Erth      0%         3d7       99%         3
 Summon Guardian Golem    Hex/Summ       0%         N/A       99%         3
 Brom's Barrelling Bould  Conj/Erth      0%         2d3       100%        4
 Dimensional Bullseye     Hex/Tloc       0%         N/A       100%        4
 Dispel Undead            Necr           0%         3d6       100%        4
 Leda's Liquefaction      Alch/Erth      0%         N/A       100%        4
 Passage of Golubria      Tloc           0%         N/A       100%        4
 Petrify                  Alch/Erth      0%         N/A       100%        4
 Agony                    Necr           0%         N/A       100%        5
 Fireball                 Conj/Fire      0%         3d3       100%        5
 Irradiate                Conj/Alch      0%         3d11      100%        5
 Iskenderun's Battlesphe  Conj           0%         2d6       100%        5
 Lee's Rapid Deconstruct  Erth           0%         3d4*      100%        5
 Silence                  Hex/Air        0%         N/A       100%        5
 Bombard                  Conj/Erth      0%         9d1       100%        6
 Conjure Ball Lightning   Conj/Air       0%         3x3d6     100%        6
 Death Channel            Necr           0%         N/A       100%        6
 Orb of Destruction       Conj           0%         9d5       100%        7
 Ignition                 Fire           0%         3d3       100%        8
 Lehudib's Crystal Spear  Conj/Erth      0%         10d2      100%        8


Dungeon Overview and Level Annotations

Branches:
Dungeon (11/15)            Temple (1/1) D:4            Lair (4/5) D:10
  Slime (0/5) Lair:4          Orc (2/2) D:11            Elf (0/3) Orc:2
  Sewer (visited)
  Swamp: Lair:2-3    Shoals: Lair:2-3     Snake: Lair:2-3    Spider: Lair:2-3

Altars:
Ashenzari
Cheibriados
Dithmenos
Elyvilon
Fedhas
Gozag
Hepliaklqana
Kikubaaqudgha
Makhleb
Nemelex Xobeh
Okawaru
Qazlal
Ru
Sif Muna
Trog
Uskayaw
Vehumet
Wu Jian
Xom
Yredelemnul
Zin
The Shining One
Jiyva

Shops:
D:6 *


Innate Abilities, Weirdness & Mutations

You are a creature with a mouth for a stomach.
Your midsection houses a second, enormous mouth.
You are too large for most types of armour.
You have claws for hands.
Your natural rate of healing is unusually fast.
You are covered in fur. (AC +1)
You have tough skin. (AC +1)


Message History

You hear a shout! x4
Items here: )))) [[ ††.
You mangle the orc high priest!!
The orc high priest is moderately wounded.
You hear a shout!
You block the hellwing's attack.
The hellwing hits you but does no damage.
You hear some strange, mumbled words.
A puff of flame appears from out of thin air!
The puff of flame hits you.
The orc high priest mumbles some strange prayers to Beogh.
The orc knight roars a battlecry!
The orc knight goes into a battle-frenzy!
You block the orc warrior's attack. You block the orc knight's attack.
You hear a shout!
You scratch the orc high priest. Your bite misses the orc high priest.
The orc high priest is heavily wounded.
The hellwing disappears in a puff of smoke!
You block something's attack.
The orc high priest hits you with a +0 glaive!!
* * * LOW HITPOINT WARNING * * *
You block the orc knight's attack. x2
The orc priest invokes the aid of Beogh against you.
Beogh smites you!
* * * LOW HITPOINT WARNING * * *
You block the ice devil's attack.
You spin and attack the ice devil.
You mangle the ice devil!!
The ice devil is heavily wounded.
You spin and attack the orc knight.
You closely miss the orc knight. Your bite misses the orc knight.
The orc knight is moderately wounded.
You block the orc warrior's attack. You block the orc knight's attack.
The ice devil hits you but does no damage.
You completely miss something. Your bite misses something.
The orc high priest hits you from afar with a +0 glaive.
* * * LOW HITPOINT WARNING * * *
The orc knight hits you with a +0 great mace!
* * * LOW HITPOINT WARNING * * *
The orc warrior hits you from afar with a +0 glaive!!
You die...

#############.................
#...........).....
#.................
#.................
#.................
#.................
#.................
#.................
#W4)..............
#ooo.........).... o
#oo3..............
..oo#4o).........)....
oo....{)........).)....
........)$.......).....
.o.o...................
.......................
.......................


You could see 2 orc knights, an orc high priest (strong), an ice devil
(summoned), a rust devil (summoned), a smoke demon (summoned), 2 orc warriors
and an orc priest (strong).

Vanquished Creatures
  Rupert (Lair:4)
  Gastronok (D:11)
  Erolcha (D:11)
  4 two-headed ogres
  A catoblepas (Lair:4)
  Urug (Lair:4)
  Pikel (D:7)
  An orc knight (Orc:1)
  2 orc sorcerers
  8 elephants
  A kobold blastminer (Orc:2)
  A black mamba (Lair:1)
  3 slime creatures (D:8)
  2 gargoyles
  7 cane toads
  2 rime drakes
  An efreet (D:10)
  9 komodo dragons
  A polar bear (Lair:4)
  2 trolls
  4 dream sheep (Lair:4)
  Sigmund (D:4)
  A water elemental (D:11)
  46 yaks
  A vampire (D:11)
  Eustachio (D:4)
  3 wyverns
  A wraith (D:11)
  3 wargs
  A steam dragon (D:6)
  Grum (D:8)
  Edmund (D:4)
  An acid dragon (D:11)
  Duvessa (D:4)
  6 water moccasins
  3 ice beasts
  28 orc warriors
  2 black bears
  2 centaurs
  5 ogres
  16 wolves
  2 phantoms (D:6)
  Blork the orc (D:4)
  3 elf zombies (D:7)
  14 bullfrogs
  2 scorpions (D:4)
  4 gnoll sergeants
  3 wights (D:10)
  Dowan (D:4)
  3 killer bees (D:9)
  2 electric eels
  A howler monkey (D:6)
  4 bombardier beetles
  5 hounds
  3 jellies
  18 orc priests
  3 iguanas
  3 sleepcaps
  Ijyb (D:4)
  Natasha (thrice) (D:4)
  17 orc wizards
  2 killer bee zombies (D:7)
  An ogre zombie (D:7)
  6 hound zombies (D:7)
  2 howler monkey zombies (D:7)
  Robin (D:2)
  9 adders
  22 gnolls
  5 river rats (Sewer)
  2 shadow imps (D:6)
  A white imp (D:6)
  4 ufetubi (D:6)
  An adder zombie (D:7)
  5 worms
  A dart slug (D:4)
  73 orcs
  14 bats
  6 endoplasms
  6 giant cockroaches
  14 goblins
  6 hobgoblins
  4 jackals
  7 kobolds
  3 quokkas
  8 ball pythons
  6 frilled lizards
  5 rats
485 creatures vanquished.

Notes
Turn   | Place    | Note
-------+----------+-------------------------------------------
     0 | D:1      | Loonster the Troll Shapeshifter began the quest for the
                  | Orb.
     0 | D:1      | Reached XP level 1. HP: 18/18 MP: 0/0
   189 | D:1      | Reached XP level 2. HP: 24/26 MP: 1/1
   883 | D:2      | Reached XP level 3. HP: 32/32 MP: 2/2
  1066 | D:2      | Noticed Robin
  1072 | D:2      | Killed Robin
  1387 | D:3      | Reached skill level 5 in Unarmed Combat
  1387 | D:3      | Reached XP level 4. HP: 39/40 MP: 3/3
  1799 | D:4      | Noticed Duvessa
  1799 | D:4      | Noticed Dowan
  1879 | D:4      | Noticed Ijyb
  1881 | D:4      | Killed Ijyb
  1901 | D:4      | Reached XP level 5. HP: 45/46 MP: 4/4
  2021 | D:4      | Noticed Sigmund
  2059 | D:4      | Noticed a yak
  2059 | D:4      | Noticed a yak
  2060 | D:4      | Noticed a yak
  2062 | D:4      | Noticed a yak
  2063 | D:4      | Noticed a yak
  2070 | D:4      | Killed a yak
  2071 | D:4      | Reached XP level 6. HP: 28/54 MP: 5/5
  2080 | D:4      | Killed a yak
  2082 | D:4      | Noticed a yak
  2085 | D:4      | HP: 2/54 [yak (4)]
  2139 | D:4      | Noticed Natasha
  2145 | D:4      | Killed Natasha
  2229 | D:4      | Reached XP level 7. HP: 53/61 MP: 6/6
  2308 | D:5      | Entered Level 5 of the Dungeon
  2477 | D:5      | Found a glowing drain.
  2489 | Sewer    | Entered a sewer
  3516 | D:5      | Found a hide-covered altar of Uskayaw.
  3532 | D:5      | Reached XP level 8. HP: 64/68 MP: 7/7
  3909 | D:4      | Noticed Blork the orc
  3913 | D:4      | Killed Blork the orc
  3990 | D:4      | Noticed Natasha
  3999 | D:4      | Killed Natasha
  4101 | D:4      | Noticed Eustachio
  4111 | D:4      | Killed Eustachio
  4112 | D:4      | Reached skill level 10 in Unarmed Combat
  4149 | D:4      | Found a staircase to the Ecumenical Temple.
  4160 | D:4      | Killed Duvessa
  4161 | D:4      | Reached skill level 5 in Shapeshifting
  4162 | D:4      | Killed Dowan
  4172 | Temple   | Entered the Ecumenical Temple
  4216 | Temple   | Became a worshipper of the Wu Jian Council
  4228 | D:4      | Noticed Natasha
  4236 | D:4      | Killed Sigmund
  4239 | D:4      | Killed Natasha
  4368 | D:4      | Noticed Edmund
  4383 | D:4      | Killed Edmund
  4563 | D:6      | Found an iron altar of Okawaru.
  4574 | D:6      | Reached XP level 9. HP: 34/75 MP: 8/8
  4762 | D:6      | Found Anadgh's CLEARANCE SALE!.
  4772 | D:6      | Bought a scroll of teleportation for 15 gold pieces
  4953 | D:6      | Reached * piety under Wu Jian
  5122 | D:6      | Reached skill level 1 in Fighting
  5532 | D:7      | Noticed Pikel
  5552 | D:7      | Killed Pikel
  5904 | D:7      | You fall into a shaft and drop 1 floor!
  5986 | D:8      | Reached skill level 5 in Fighting
  5989 | D:8      | Reached XP level 10. HP: 93/96 MP: 9/9
  6018 | D:8      | Reached ** piety under Wu Jian
  6107 | D:8      | Identified the +6 scale mail of Eternity {Will+ Str+2}
  6196 | D:8      | Noticed Grum
  6211 | D:8      | Killed Grum
  6237 | D:7      | Found a basalt altar of Yredelemnul.
  6666 | D:8      | Reached *** piety under Wu Jian
  6920 | D:9      | Reached XP level 11. HP: 115/115 MP: 10/10
  6962 | D:9      | Reached skill level 10 in Fighting
  7538 | D:10     | Entered Level 10 of the Dungeon
  7552 | D:10     | Reached **** piety under Wu Jian
  7569 | D:10     | Noticed a two-headed ogre
  7574 | D:10     | Killed a two-headed ogre
  7642 | D:10     | Found a staircase to the Lair.
  7877 | D:10     | Noticed a two-headed ogre
  7883 | D:10     | Killed a two-headed ogre
  8139 | Lair:1   | Entered Level 1 of the Lair of Beasts
  8394 | Lair:1   | Reached XP level 12. HP: 133/133 MP: 11/11
  8606 | Lair:1   | Reached skill level 1 in Shields
  8958 | Lair:2   | Noticed a seven-headed hydra
  9110 | Lair:3   | Reached skill level 5 in Shields
  9237 | Lair:3   | Reached ***** piety under Wu Jian
  9795 | Lair:4   | Noticed Rupert
  9807 | Lair:4   | Killed Rupert
  9902 | Lair:4   | Noticed a catoblepas
  9916 | Lair:4   | Killed a catoblepas
  9999 | Lair:4   | Noticed Urug
 10014 | Lair:4   | Killed Urug
 10082 | Lair:4   | Reached XP level 13. HP: 93/141 MP: 12/12
 10189 | Lair:4   | Found a staircase to the Slime Pits.
 10190 | Lair:4   | Found a viscous altar of Jiyva.
 10368 | D:11     | Noticed Gastronok
 10395 | D:11     | Killed Gastronok
 10579 | D:11     | Noticed Erolcha
 10585 | D:11     | Killed Erolcha
 10586 | D:11     | Reached skill level 10 in Shapeshifting
 10703 | D:11     | Identified the +4 quarterstaff of the Saviour {flame, rPois
                  | Will+ Dex+2}
 10829 | D:11     | Found a staircase to the Orcish Mines.
 10856 | Orc:1    | Entered Level 1 of the Orcish Mines
 10949 | Orc:1    | Reached ****** piety under Wu Jian
 11355 | Orc:2    | Entered Level 2 of the Orcish Mines
 11763 | Orc:2    | Found a staircase to the Elven Halls.
 11910 | Orc:2    | Noticed an orc warlord
 11919 | Orc:2    | HP: 5/141 [orc knight/+0 great mace (8)]
 11919 | Orc:2    | Demolished by an orc warrior

Illustrated notes

Levels and vault maps discovered:
D:1:      sevenhm_arrival_forest_fort_large_2, layout_loops_cross,
          minmay_small_reverse_x
D:2:      layout_rooms, serial_bayou, serial_bayou_pond_c,
          serial_bayou_crossing, serial_bayou_pond_c, serial_bayou_lake_a,
          dreamdust_wishing_well, grunt_decor_mini_mirrors, uniq_robin
D:3:      layout_rooms
D:4:      layout_loops_corners, minmay_temple_entry_ruins, uniq_eustachio,
          uniq_sigmund, uniq_edmund, uniq_blork_the_orc, uniq_ijyb,
          uniq_natasha, uniq_duvessa
D:5:      layout_layer_cave, eat_drink_and_be_merry_uskayaw,
          cheibrodos_sewer_entry_drain
D:6:      wad_river_or_something, layout_loops_ring, okawaru_trees_2,
          nicolae_shop_clearance
D:7:      layout_basic, abandoned_shop, roadster_capsule_ark_zombie, uniq_pikel
D:8:      layout_basic, hangedman_decor_growths, minivault_22,
          minmay_crossroads, uniq_grum
D:9:      layout_loops_ring, chequers_garden
D:10:     layout_small_grid, lair_entry_dummy
D:11:     layout_roguey, erik_orc_2, uniq_erolcha, uniq_gastronok
Temple:   nicolae_temple_bog_church
Lair:1:   layout_gridlike
Lair:2:   layout_hall_layers, minmay_shoals_entry_hut,
          spider_nest_entry_web_field, infiniplex_staircase_pool,
          lemuel_fruit_tree, grunt_megastairs_3
Lair:3:   layout_cave_shapes, patterned_corridor, grunt_megastairs_4
Lair:4:   layout_roguey, slime_entry_1, infiniplex_staircase_pool_2,
          uniq_rupert, uniq_urug
Orc:1:    layout_diamond_mine, minmay_orc_temple_a
Orc:2:    st_orc_congregation, layout_caves, mines2_david

Skill      XL: |  1  2  3  4  5  6  7  8  9 10 11 12 13 |
---------------+----------------------------------------+-----
Unarmed Combat | 4 5 6 8 9 10 11 12 | 12.0
Shapeshifting  | 5 7 8 10 | 10.3
Fighting       | 5 9 12 | 12.5
Shields        | 8 9 |  9.6
Dodging        | |  1.5

Action                     |  1- 3 |  4- 6 |  7- 9 | 10-12 | 13-15 || total
---------------------------+-------+-------+-------+-------+-------++-------
  Melee: Unarmed           |   108 |    68 |   290 |   559 |   342 ||  1367
         Punch             |     1 |     2 |    12 |    21 |       ||    36
         Maw               |       |       |       |       |    61 ||    61
Ability: Lunge             |       |       |    13 |    29 |    32 ||    74
         Whirlwind         |       |       |       |   103 |    73 ||   176
  Evoke: Wand              |       |       |     2 |       |       ||     2
    Use: Scroll            |       |       |    10 |     6 |       ||    16
         Potion            |       |       |       |     2 |     1 ||     3
   Stab: Sleeping          |     1 |       |     2 |       |       ||     3
 Armour: Animal skin       |    62 |    31 |   162 |       |       ||   255
         Steam dragon scal |       |       |     7 |   252 |    19 ||   278
         Skin              |       |       |       |       |    73 ||    73
  Dodge: Dodged            |    38 |    19 |    97 |   201 |    78 ||   433
  Block: Other             |    15 |    11 |    40 |    37 |       ||   103
         Reflection        |       |       |       |     5 |    17 ||    22
         Tower shield      |       |       |       |   258 |   278 ||   536
   Form: Maw               |       |       |       |       |     1 ||     1

Table legend: (Time is in decaauts)
 A = Elapsed time spent in this place.
 B = Non-inter-level travel time spent in this place.
 C = Inter-level travel time spent in this place.
 D = Time resting spent in this place.
 E = Time spent auto-exploring this place.
 F = Levels seen in this place.
 G = Mean time per level.
                   A        B        C        D        E       F      G
               +--------+--------+--------+--------+--------+-----+--------+
         Total |  11796 |  11266 |    530 |    175 |   8296 |  19 |  620.8 |
       Dungeon |   7932 |   7575 |    357 |     91 |   5699 |  11 |  721.1 |
        Temple |     49 |     49 |      0 |      0 |     39 |   1 |   49.0 |
          Lair |   2205 |   2069 |    136 |     59 |   1467 |   4 |  551.2 |
  Orcish Mines |   1055 |   1019 |     36 |      0 |    708 |   2 |  527.5 |
         Sewer |    553 |    553 |      0 |     25 |    383 |   1 |  553.0 |
               +--------+--------+--------+--------+--------+-----+--------+

Top non-repeatable levels by time:
     D:4: 1112 daAuts
     D:5: 958 daAuts
     D:6: 934 daAuts
  Lair:1: 860 daAuts
     D:1: 780 daAuts
     D:7: 726 daAuts
     D:9: 641 daAuts
  Lair:3: 640 daAuts
     D:8: 623 daAuts
     D:2: 586 daAuts
   Orc:2: 560 daAuts
    D:10: 554 daAuts
  Lair:4: 553 daAuts
    D:11: 553 daAuts
   Sewer: 553 daAuts
